 Dungeon Crawl Stone Soup version 0.21-a0-442-g848f44b (webtiles) character file.

564895 theanonym the Phalangite (level 27, -23/222 HPs)
             Began as a Formicid Fighter on Nov 15, 2017.
             Was a High Priest of Cheibriados.
             Killed by the air
             ... invoked by a titan
              (40 damage)
             ... on level 5 of the Vaults.
             The game lasted 05:32:30 (76973 turns).

theanonym the Phalangite (Formicid Fighter)        Turns: 76973, Time: 05:32:30

Health: -23/222    AC: 35    Str: 43    XL:     27
Magic:  7/37       EV: 25    Int: 39    God:    Cheibriados [*****.]
Gold:   1015       SH: 28    Dex: 24    Spells: 1/46 levels left

rFire    + + .     SeeInvis +   a - +9 bardiche (chop)
rCold    + . .     Gourm    .   I - +0 large shield
rNeg     + . .     Faith    .   C - +6 gold dragon scales
rPois    +         Spirit   .   (helmet unavailable)
rElec    .         Reflect  +   Q - +0 cloak
rCorr    .         Harm     .   L - +0 pair of gloves of the Bard {+Blink rPois Int+3 Stlth+}
MR       ++...                  W - +1 pair of boots
Stlth    ..........             p - +3 amulet of reflection
HPRegen  0.47/turn              T - ring of Wewuenoi {*Tele rF+ rN+ Str+4}
MPRegen  0.25/turn              S - ring of Phasing {EV+8}

@: mighty, very slightly contaminated, invisible, very slow
A: permanent stasis, dig shafts and tunnels, four strong arms, antennae 3,
deterioration 1
}: 3/15 runes: barnacled, abyssal, gossamer
a: Dig, Shaft Self, Bend Time, Temporal Distortion, Slouch, Step From Time,
Renounce Religion


Innate Abilities, Weirdness & Mutations

You cannot be hasted, slowed, berserked, paralysed or teleported.
You can dig through walls and to a lower floor.
Your four strong arms can wield two-handed weapons with a shield.
You have a pair of large antennae on your head. (SInv)
Your body sometimes deteriorates upon taking damage.


   Skills:
 - Level 19.5 Fighting
 - Level 22.8 Polearms
 + Level 14.5 Crossbows
 - Level 20.0 Armour
 - Level 10.0 Dodging
 - Level 15.0 Shields
 - Level 10.0 Spellcasting
 - Level 6.7 Charms
 - Level 8.0 Necromancy
 - Level 10.3 Transmutations
 - Level 10.5 Earth Magic
 - Level 15.0 Invocations


You had one spell level left.
You knew the following spells:

 Your Spells              Type           Power        Failure   Level  Hunger
b - Apportation           Tloc           ###...       10%         1    None
c - Deflect Missiles      Chrm/Air       #####.....   98%         6    ####...
d - Silence               Hex/Air        ###.......   95%         5    #......
e - Statue Form           Tmut/Erth      #######..    21%         6    ####...
j - Dispel Undead         Necr           ######..     10%         5    #......
n - Aura of Abjuration    Summ           ###.......   95%         5    #......
p - Passwall              Tmut/Erth      #######...   1%          2    None
q - Necromutation         Tmut/Necr      ######....   100%        8    #######
r - Regeneration          Chrm/Necr      ######....   1%          3    None
v - Control Undead        Necr           ######....   3%          4    None

Skill      XL: |  1  2  3  4  5  6  7  8  9 10 11 12 13 14 15 16 17 18 19 20 21 22 23 24 25 26 27 |
---------------+----------------------------------------------------------------------------------+-----
Polearms       | 3 4 5 7 8 10 11 13 14 15 16 17 18 19 20 21 22 | 22.8
Invocations    | 4 6 7 9 11 12 14 15 | 15.0
Fighting       | 4 7 9 10 11 12 13 14 15 16 17 18 19 | 19.5
Dodging        | 3 4 5 7 8 9 10 | 10.0
Shields        | 5 7 8 9 12 15 | 15.0
Armour         | 5 6 7 9 10 11 13 15 16 18 19 20 | 20.0
Spellcasting   | 2 3 5 7 10 | 10.0
Transmutations | 2 4 6 8 9 10 | 10.3
Earth Magic    | 2 4 7 8 9 10 | 10.5
Charms         | 6 |  6.7
Necromancy     | 6 8 |  8.0
Crossbows      | 1 8 14 | 14.5

Action                   |  1- 3 |  4- 6 |  7- 9 | 10-12 | 13-15 | 16-18 | 19-21 | 22-24 | 25-27 || total
-------------------------+-------+-------+-------+-------+-------+-------+-------+-------+-------++-------
Melee: Trident           |    86 |   222 |   415 |       |       |       |       |       |       ||   723
       Glaive            |       |       |   111 |   451 |  1078 |   829 |       |       |       ||  2469
       Bardiche          |       |       |       |       |       |   359 |  1126 |  1208 |  1015 ||  3708
 Fire: Hunting sling     |       |    25 |    61 |       |       |       |       |       |       ||    86
       Shortbow          |       |       |    25 |    91 |       |       |       |       |       ||   116
       Blowgun           |       |       |     3 |       |       |       |       |       |       ||     3
       Arbalest          |       |       |       |    56 |   366 |   425 |   356 |   313 |   287 ||  1803
Throw: Javelin           |       |       |       |     4 |       |       |       |       |       ||     4
       Throwing net      |       |       |       |     1 |     1 |     2 |     1 |     2 |     3 ||    10
 Cast: Spider Form       |       |       |       |       |       |       |       |     1 |       ||     1
       Statue Form       |       |       |       |       |       |       |       |     2 |       ||     2
       Regeneration      |       |       |       |       |       |       |       |       |    31 ||    31
       Control Undead    |       |       |       |       |       |       |       |       |     1 ||     1
Invok: Bend Time         |       |       |     5 |    13 |    30 |    20 |    17 |    38 |    30 ||   153
       Temporal Distorti |       |       |       |     1 |     1 |     1 |     4 |    15 |     7 ||    29
       Step From Time    |       |       |       |       |     1 |     1 |     4 |     1 |     4 ||    11
       Slouch            |       |       |       |       |       |     6 |     6 |     1 |       ||    13
 Abil: Dig               |       |     4 |     8 |    12 |    14 |    17 |    16 |    11 |     5 ||    87
       Shaft Self        |       |       |       |       |     1 |     1 |       |       |       ||     2
       End Transformatio |       |       |       |       |       |       |       |     1 |       ||     1
Evoke: Wand              |       |       |     1 |     6 |     3 |       |     2 |     2 |     2 ||    16
       Lamp of fire      |       |       |       |       |       |       |     1 |     1 |       ||     2
  Use: Scroll            |     1 |    12 |     2 |     7 |    13 |    11 |     9 |    10 |    17 ||    82
       Potion            |     1 |     1 |     2 |     4 |     4 |     3 |    27 |     4 |    16 ||    62
 Stab: Distracted        |       |       |       |       |     3 |     1 |     2 |       |     1 ||     7
       Invisible         |       |       |       |       |       |       |     1 |       |       ||     1
       Held in net/web   |       |       |       |       |       |       |     1 |       |       ||     1
  Eat: Chunk             |       |     8 |    10 |    11 |    18 |    14 |     6 |    13 |     7 ||    87
       Fruit             |       |       |     2 |     4 |     6 |       |       |       |       ||    12
       Meat ration       |       |       |       |       |     1 |     2 |     5 |     4 |     4 ||    16
Armor: Scale mail        |    33 |    39 |       |       |       |       |       |       |       ||    72
       Chain mail        |       |    25 |   112 |       |       |       |       |       |       ||   137
       Plate armour      |       |       |    67 |   162 |   256 |   260 |   265 |   176 |       ||  1186
       Skin              |       |       |       |       |       |       |    17 |    17 |    10 ||    44
       Gold dragon scale |       |       |       |       |       |       |       |    46 |   259 ||   305
Dodge: Dodged            |    19 |    38 |    79 |   119 |   628 |  1187 |   856 |   927 |   493 ||  4346
Block: Shield            |    35 |    90 |   239 |   248 |   795 |  1142 |   782 |   876 |   324 ||  4531
       Reflection        |       |       |       |       |       |       |    14 |    95 |    64 ||   173
       Large shield      |       |       |       |       |       |       |       |       |   627 ||   627

Inventory:

Hand Weapons
 a - a +9 bardiche of chopping (weapon)
   (You acquired it on level 1 of the Shoals)
 b - a +5 arbalest
   (You took it off a minotaur in a labyrinth)
Missiles
 n - 1110 bolts
 D - 3 throwing nets (quivered)
 Z - 1967 arrows
Armour
 C - +6 gold dragon scales (worn)
   (You found it on level 3 of the Depths)
 I - a +0 large shield (worn)
   (You took it off Mennas on level 2 of the Vaults)
 L - the +0 pair of gloves of the Bard (worn) {+Blink rPois Int+3 Stlth+}
   (You found it on level 6 of the Lair of Beasts)

   It affects your intelligence (+3).
   It protects you from poison.
   It lets you blink.
   It makes you more stealthy.
 N - the scarf of the Rose {Int+3}
   (You bought it in a shop on level 4 of the Depths)

   It affects your intelligence (+3).
 Q - a +0 cloak (worn)
   (You took it off Crazy Yiuf on level 5 of the Dungeon)
 W - a +1 pair of boots (worn)
   (You bought it in a shop on level 2 of the Orcish Mines)
Jewellery
 p - a +3 amulet of reflection (around neck)
   (You found it on level 1 of the Depths)
 u - a +5 ring of evasion
   (You took it off an orc warrior on level 14 of the Dungeon)
 w - an uncursed ring of wizardry {Wiz+}
   (You found it on level 2 of the Dungeon)
 x - an uncursed ring of protection from cold {rC+}
   (You found it on level 2 of the Dungeon)
 F - an uncursed ring of protection from magic {MR+}
   (You found it on level 4 of the Spider Nest)
 S - the ring of Phasing (right hand) {EV+8}
   (You found it in a labyrinth)

   [ring of evasion]

   It affects your evasion (+8).
 T - the ring of Wewuenoi (left hand) {*Tele rF+ rN+ Str+4}
   (You found it on level 3 of the Lair of Beasts)

   [ring of teleportation]

   It may teleport you next to monsters.
   It affects your strength (+4).
   It protects you from fire.
   It protects you from negative energy.
Wands
 d - a wand of digging (19/24)
   (You found it in a labyrinth)
 l - a wand of acid (8/15)
   (You found it on level 2 of the Depths)
 v - a wand of acid (8/15)
   (You found it on level 2 of the Vaults)
Scrolls
 f - 5 scrolls of fog {!r}
 g - 12 scrolls of amnesia
 i - 7 scrolls of recharging
 r - 6 scrolls of identify
 t - 13 scrolls of remove curse
 A - a scroll of enchant weapon
 B - 9 scrolls of magic mapping {!r}
 K - 8 scrolls of immolation
 M - 4 scrolls of silence
 X - 2 scrolls of holy word
Potions
 c - 3 potions of magic
 k - 7 potions of mutation
 o - 9 potions of brilliance
 z - 2 potions of might
 E - 14 potions of curing
 J - 2 potions of flight
 O - a potion of invisibility
 P - 10 potions of lignification
 V - a potion of resistance
 Y - a potion of cancellation
Books
 m - a Necronomicon
   (You bought it in a shop on level 4 of the Depths)

   Spells                             Type                      Level
   a - Haunt                          Necromancy/Summoning         7
   b - Borgnjor's Revivification      Necromancy                   8
   c - Death's Door                   Charms/Necromancy            8
   d - Infestation                    Necromancy                   8
   e - Necromutation                  Transmutation/Necromancy     8
 y - a book of the Tempests
   (You bought it in a shop on level 1 of the Shoals)

   Spells                             Type                      Level
   a - Static Discharge               Conjuration/Air              3
   b - Lightning Bolt                 Conjuration/Air              5
   c - Ignition                       Fire                         8
   d - Tornado                        Air                          9
   e - Shatter                        Earth                        9
Miscellaneous
 G - 6 phantom mirrors
Comestibles
 e - 17 meat rations
 s - 15 royal jellies
 H - 26 bread rations

Dungeon Overview and Level Annotations

Branches:
Dungeon (15/15)            Temple (1/1) D:4            Lair (6/6) D:11
 Shoals (4/4) Lair:2       Spider (4/4) Lair:4        Slime (0/5) Lair:5
    Orc (2/2) D:10            Elf (3/3) Orc:2        Vaults (5/5) D:14
  Crypt (2/3) Vaults:2     Depths (5/5) D:15
    Zot: Depths:5

Altars:
Ashenzari
Cheibriados
Dithmenos
Elyvilon
Fedhas
Gozag
Hepliaklqana
Makhleb
Nemelex Xobeh
Okawaru
Qazlal
Ru
Sif Muna
Trog
Uskayaw
Vehumet
Wu Jian
Xom
Yredelemnul
Zin
The Shining One
Beogh

Shops:
Orc:2 [[*((*}:   Elf:1 (   Shoals:1 *   Vaults:1 !   Vaults:3 =   Vaults:4 *
Depths:2 !   Depths:4 :[[:

Portals:
Hell: Depths:1 Depths:2 Depths:3 Depths:4 Depths:5
Abyss: Depths:2 Depths:4
Pandemonium: Depths:3
Ziggurat: Depths:1

Annotations:
Elf:3 1 exclusion
Depths:5 exclusions: 3 doors, sensed monster (detected) and 4 more exclusions


You were on level 5 of the Vaults.
You worshipped Cheibriados.
Cheibriados was extremely pleased with you.
You were hungry.

You visited 10 branches of the dungeon, and saw 47 of its levels.
You visited the Abyss 2 times.
You visited 1 bazaar.
You also visited: Labyrinth, Ossuary and Ice Cave.

You collected 6562 gold pieces.
You spent 5547 gold pieces at shops.


Message History

Unknown command.
You slash the deep troll!
You kill the deep troll!
Cheibriados appreciates the change of pace.
The earth elemental disappears in a puff of smoke!
You block the deep troll's attack. x3
The ironbrand convoker gestures at something while chanting.
The vault sentinel blows a loud note on a signal horn!
You slash the war gargoyle!
The war gargoyle hits you but does no damage.
You block the deep troll's attack. x2; The deep troll closely misses you.
Here: a titan 33 arrows.
The floor.
Unknown command.
Unknown command.
Okay, then.
Unknown command.
You fade into invisibility!
The war gargoyle completely misses you.
The titan waves its arms in wide circles.
The air twists around and strikes you!
* * * LOW HITPOINT WARNING * * *
The deep troll completely misses you. The deep troll closely misses you. x2
The war gargoyle launches metal splinters at you.
The spray of metal splinters hits you!
You are very lightly contaminated with residual magic.
You take 6 damage, and have 32/222 hp.
Here: a deep troll A battleaxe.
There is something else lying underneath.
The floor, spattered with blood.
Unknown command.
You feel better. You block the deep troll's attack. x2
The deep troll claws you but does no damage.
The war gargoyle closely misses you.
You regained 6 hp, and now have 38/222 hp.
You slash the war gargoyle!
Your hearing returns.
The yaktaur captain shouts!
You hear a deafening roar!
You block the war gargoyle's attack. You block the deep troll's attack. x2
The deep troll closely misses you.
You hear a deafening roar!
You slice the war gargoyle!!
You destroy the war gargoyle!
Cheibriados thoroughly appreciates the change of pace.
You block the deep troll's attack. x2; The deep troll misses you.
The flow of time bends around you.
The crawling corpse is unaffected.
Cheibriados rebukes the deep troll.
The deep troll seems to slow down.
* * * LOW MAGIC WARNING * * *
You are feeling hungry.
The ironbrand convoker casts a spell at the yaktaur captain.
The yaktaur captain seems to grow stronger.
You now have 8/37 mp.
You closely miss the deep troll.
The yaktaur captain shouts!
You block the deep troll's attack. x2; The deep troll misses you.
You chop the deep troll into pieces!!!!
You kill the deep troll!
Cheibriados appreciates the change of pace.
The troll leather armour is intact enough to wear.
You start to feel less resistant.
You hear a shout!
The deep elf mage points at the earth elemental and mumbles some strange words.
The stone arrow hits the earth elemental.
You slice the vault sentinel!!
The yaktaur captain shouts!
The vault sentinel blows a loud note on a signal horn!
You hear a deafening roar!
You slice the vault sentinel!!
You kill the vault sentinel!
Cheibriados thoroughly appreciates the change of pace.
The yaktaur captain shouts!
You slash the iron dragon!
The yaktaur captain shouts!
The iron dragon bites you but does no damage.
You block the iron dragon's attack. x2
The flow of time bends around you.
Cheibriados rebukes the crawling corpse.
The crawling corpse seems to slow down.
Cheibriados rebukes the iron dragon.
The iron dragon seems to slow down.
* * * LOW MAGIC WARNING * * *
You feel slightly more hungry.
A fire giant comes into view.
It is wielding a great sword of flaming.
You now have 7/37 mp.
You slice the iron dragon!!
Your resistance to elements expires.
The titan waves its arms in wide circles.
The air twists around and strikes you!
* * * LOW HITPOINT WARNING * * *
You take 8 damage, and have 33/222 hp.
You completely miss the iron dragon.
The iron dragon breathes metal splinters at you.
The spray of metal splinters hits you!
* * * LOW HITPOINT WARNING * * *
The titan waves its arms in wide circles.
The air twists around and strikes you!
You die...

#. .####.# .W.
{......# ...# #..... {
#..# #.... #..(##... {
#.(.(#Ee ...%#
#...9CE#####....#
##DxDEp%#...%# { .
#)@#{C{.#...%# ..
#...##)..#{..%# p..
#....###))#....#.%(.
......# ##)(.{.%p(%..
###########))))%...###
{ ......))eE<%.%%..
..%..%.)<))<..%..
.......%)<<.%....
.%%.%...%)%....%.


You could see 2 iron dragons, a titan, a shadow wraith (invisible), a war
gargoyle, an ironbrand convoker, 3 earth elementals, a deep elf mage and a
crawling corpse.

Notes
Turn   | Place    | Note
-------+----------+-------------------------------------------
     0 | D:1      | theanonym the Formicid Fighter began the quest for the Orb.
     0 | D:1      | Reached XP level 1. HP: 18/18 MP: 1/1
   137 | D:1      | Reached XP level 2. HP: 20/24 MP: 2/2
   386 | D:1      | Reached skill level 3 in Polearms
   570 | D:1      | Reached XP level 3. HP: 29/29 MP: 3/3
   711 | D:2      | Found a glowing silver altar of Zin.
   800 | D:2      | Noticed Terence
   807 | D:2      | Killed Terence
   807 | D:2      | Reached skill level 4 in Polearms
   807 | D:2      | Reached XP level 4. HP: 27/35 MP: 4/4
   880 | D:2      | Found a basalt altar of Yredelemnul.
  1585 | D:3      | Reached skill level 5 in Polearms
  1585 | D:3      | Reached XP level 5. HP: 29/41 MP: 5/5
  2554 | D:3      | Reached XP level 6. HP: 29/47 MP: 6/6
  2559 | D:3      | Reached skill level 6 in Polearms
  3070 | D:4      | Noticed tof's ghost (amateur MiBe)
  3089 | D:4      | Killed tof's ghost
  3089 | D:4      | Reached skill level 7 in Polearms
  3089 | D:4      | Reached XP level 7. HP: 29/52 MP: 7/7
  3095 | D:4      | HP: 26/52 [worker ant (3)]
  3098 | D:4      | Reached skill level 8 in Polearms
  3523 | D:4      | Reached XP level 8. HP: 56/58 MP: 8/8
  3758 | D:4      | Found a white marble altar of Elyvilon.
  3866 | D:4      | Reached skill level 9 in Polearms
  4062 | D:4      | Found a staircase to the Ecumenical Temple.
  4089 | Temple   | Entered the Ecumenical Temple
  4216 | Temple   | Became a worshipper of Cheibriados the Contemplative
  4345 | D:5      | Entered Level 5 of the Dungeon
  4370 | D:4      | Reached skill level 1 in Invocations
  4412 | D:5      | Reached skill level 2 in Invocations
  4589 | D:4      | Reached skill level 3 in Invocations
  4604 | D:4      | Got a twisted ring mail
  4956 | D:5      | Reached * piety under Cheibriados
  5018 | D:5      | Found a hazy altar of Hepliaklqana.
  5060 | D:5      | Reached skill level 10 in Polearms
  5060 | D:5      | Reached skill level 4 in Invocations
  5060 | D:5      | Reached XP level 9. HP: 63/64 MP: 10/12
  5312 | D:5      | Noticed Duvessa
  5353 | D:5      | Killed Duvessa
  5484 | D:5      | Noticed Dowan
  5541 | D:5      | Killed Dowan
  5584 | D:5      | Found a runed door.
  5686 | D:5      | Reached skill level 5 in Invocations
  5921 | D:5      | Noticed Crazy Yiuf
  5925 | D:5      | Killed Crazy Yiuf
  6262 | D:6      | Identified the +3 ring mail of Vikedeecs {rCorr Str+3 Slay+2} (You took it off an orc on level 4 of the Dungeon)
  6871 | D:6      | Reached skill level 4 in Fighting
  6871 | D:6      | Reached skill level 11 in Polearms
  7218 | D:7      | Reached ** piety under Cheibriados
  7234 | D:7      | Found a sand-covered staircase.
  7255 | D:7      | Reached skill level 6 in Invocations
  7272 | Ossuary  | Entered an ossuary
  7800 | D:7      | Reached XP level 10. HP: 66/73 MP: 11/14
  7850 | D:7      | Reached skill level 5 in Fighting
  8005 | D:7      | HP: 33/74 [killer bee (5)]
  8217 | D:7      | Reached skill level 12 in Polearms
  8226 | D:7      | Noticed Joseph
  8254 | D:7      | Killed Joseph
  8254 | D:7      | Reached skill level 6 in Fighting
  9100 | D:8      | Found a hide-covered altar of Uskayaw.
  9115 | D:8      | Found an iron altar of Okawaru.
  9195 | D:8      | Noticed a two-headed ogre
  9207 | D:8      | HP: 23/77 [two-headed ogre/giant club (19)]
  9209 | D:8      | Killed a two-headed ogre
  9556 | D:8      | Found an ornate altar of the Wu Jian Council.
  9638 | D:8      | Reached skill level 7 in Fighting
  9657 | D:8      | Noticed Prince Ribbit
  9665 | D:8      | Killed Prince Ribbit
  9665 | D:8      | Reached skill level 13 in Polearms
  9809 | D:8      | Learned a level 1 spell: Apportation
  9876 | D:8      | Reached XP level 11. HP: 83/84 MP: 15/15
 10283 | D:9      | Reached *** piety under Cheibriados
 10984 | D:10     | Entered Level 10 of the Dungeon
 10984 | D:10     | Noticed a two-headed ogre
 10997 | D:10     | Killed a two-headed ogre
 10997 | D:10     | Reached skill level 8 in Fighting
 11115 | D:10     | Found a staircase to the Orcish Mines.
 11136 | D:10     | Reached **** piety under Cheibriados
 11197 | D:10     | Noticed Sonja
 11202 | D:10     | Killed Sonja
 11202 | D:10     | Reached skill level 14 in Polearms
 11202 | D:10     | Reached skill level 7 in Invocations
 11385 | D:10     | Noticed a two-headed ogre
 11393 | D:10     | Killed a two-headed ogre
 12080 | D:10     | HP: 30/87 [gargoyle/morningstar (18)]
 12746 | Orc:1    | Entered Level 1 of the Orcish Mines
 12746 | Orc:1    | Noticed an orc knight
 12751 | D:10     | Reached skill level 9 in Fighting
 12811 | D:11     | Found a labyrinth entrance.
 12819 | Lab      | Entered a labyrinth
 13036 | Lab      | Noticed a minotaur
 13043 | Lab      | Killed a minotaur
 13043 | Lab      | Reached XP level 12. HP: 52/95 MP: 8/17
 13045 | Lab      | Got a distressingly furry ring mail
 13052 | Lab      | Found the ring of Phasing {EV+8}
 13285 | D:11     | Reached skill level 8 in Invocations
 13290 | D:11     | Noticed Grum
 13315 | D:11     | Killed Grum
 13716 | D:11     | Noticed a four-headed hydra
 13731 | D:11     | Killed a four-headed hydra
 13891 | D:11     | Reached skill level 15 in Polearms
 13914 | D:11     | Found a staircase to the Lair.
 14012 | D:11     | Noticed a six-headed hydra
 14017 | D:11     | Killed a six-headed hydra
 14017 | D:11     | Reached skill level 9 in Invocations
 14197 | D:11     | Noticed an unseen horror
 14200 | D:11     | Killed an unseen horror
 14204 | D:11     | Reached skill level 10 in Fighting
 14294 | D:11     | Found a burning altar of Makhleb.
 14645 | D:11     | Learned a level 6 spell: Deflect Missiles
 14662 | Lair:1   | Entered Level 1 of the Lair of Beasts
 14774 | Lair:1   | Reached ***** piety under Cheibriados
 15143 | Lair:1   | Reached XP level 13. HP: 83/104 MP: 16/20
 15255 | Lair:1   | Noticed a five-headed hydra
 15264 | Lair:1   | HP: 47/104 [five-headed hydra (10)]
 15264 | Lair:1   | HP: 21/104 [five-headed hydra (6)]
 15265 | Lair:1   | Killed a five-headed hydra
 15265 | Lair:1   | Reached skill level 10 in Invocations
 15588 | Lair:1   | Got a heavily runed steel amulet
 15690 | Lair:1   | Learned a level 5 spell: Silence
 16453 | Lair:2   | Reached skill level 1 in Dodging
 16453 | Lair:2   | Reached skill level 4 in Shields
 16456 | Lair:2   | Reached skill level 16 in Polearms
 16665 | Lair:2   | Reached skill level 4 in Armour
 16781 | Lair:2   | Noticed a six-headed hydra
 16784 | Lair:2   | Killed a six-headed hydra
 16932 | Lair:2   | Found a staircase to the Shoals.
 16961 | Lair:2   | Reached skill level 2 in Dodging
 17156 | Lair:2   | Reached skill level 11 in Fighting
 17939 | Lair:3   | Reached skill level 5 in Shields
 17944 | Lair:3   | Reached skill level 11 in Invocations
 18064 | Lair:3   | Got a smoking amber ring
 18135 | Lair:3   | Reached ****** piety under Cheibriados
 18976 | Lair:4   | Reached skill level 5 in Armour
 19072 | Lair:4   | HP: 50/106 [porcupine's spines (14)]
 19076 | Lair:4   | Reached skill level 3 in Dodging
 19076 | Lair:4   | Reached XP level 14. HP: 44/113 MP: 8/22
 19603 | Lair:4   | Found a hole to the Spider Nest.
 19969 | Lair:5   | Identified the ring of Wewuenoi {*Tele rF+ rN+ Str+4} (You found it on level 3 of the Lair of Beasts)
 20041 | Lair:5   | HP: 50/113 [dream sheep (18)]
 20052 | Lair:5   | HP: 50/113 [white imp/puff of frost (3)]
 20343 | Lair:5   | Reached skill level 6 in Shields
 20346 | Lair:5   | HP: 54/113 [ice dragon/blast of cold (21)]
 20358 | Lair:5   | HP: 55/113 [white imp/puff of frost (1)]
 20738 | Lair:5   | Reached skill level 12 in Invocations
 20848 | Lair:5   | Found a staircase to the Slime Pits.
 21157 | Lair:6   | Entered Level 6 of the Lair of Beasts
 21194 | Lair:6   | Identified the amulet of Dolinwir {Gourm +Fly rPois Int-4} (You found it on level 1 of the Lair of Beasts)
 21279 | Lair:6   | Reached skill level 6 in Armour
 21324 | Lair:6   | Reached skill level 4 in Dodging
 21800 | Lair:6   | Reached skill level 17 in Polearms
 22057 | Lair:6   | Reached skill level 7 in Shields
 22291 | Lair:6   | Reached XP level 15. HP: 120/120 MP: 24/24
 22296 | Lair:6   | Got a pair of ichor-stained gloves
 22307 | Lair:6   | Identified the +0 pair of gloves of the Bard {+Blink rPois Int+3 Stlth+} (You found it on level 6 of the Lair of Beasts)
 22438 | Lair:6   | Reached skill level 13 in Invocations
 24016 | D:12     | Reached skill level 12 in Fighting
 24321 | D:12     | Reached skill level 7 in Armour
 24379 | D:12     | Reached skill level 5 in Dodging
 24825 | D:13     | Noticed Rupert
 24825 | D:13     | Noticed Kirke
 24828 | D:13     | You fall through a shaft for 2 floors!
 24828 | D:15     | Entered Level 15 of the Dungeon
 24912 | D:15     | Found a basalt altar of Yredelemnul.
 25140 | D:14     | Found a sacrificial altar of Ru.
 25190 | D:14     | Reached skill level 8 in Shields
 25229 | D:14     | Found a frozen archway.
 25249 | IceCv    | Entered an ice cave
 25295 | IceCv    | Found a transporter.
 25702 | D:14     | Found a shadowy altar of Dithmenos.
 25998 | D:14     | Cast into level 2 of the Abyss (a wizard)
 26055 | Abyss:2  | Got a scintillating amber ring
 26251 | Abyss:2  | Reached skill level 14 in Invocations
 26497 | Abyss:2  | HP: 50/122 [raiju/living lightning (19)]
 26502 | Abyss:2  | HP: 58/122 [thrashing horror (3)]
 26518 | Abyss:2  | Reached XP level 16. HP: 53/129 MP: 0/26
 26529 | D:14     | Escaped the Abyss
 26556 | D:14     | HP: 62/129 [phantasmal warrior (19)]
 26855 | D:14     | Reached skill level 8 in Armour
 26869 | D:14     | Noticed Nessos
 26878 | D:14     | Killed Nessos
 26978 | D:14     | You fall through a shaft!
 27020 | D:15     | Reached skill level 6 in Dodging
 27134 | D:15     | Found a staircase to the Depths.
 27329 | D:15     | Reached skill level 9 in Shields
 27353 | D:15     | Reached skill level 18 in Polearms
 28122 | D:13     | Killed Kirke
 28130 | D:13     | Identified the ring of Xom's Flight of Fancy {Fire Str-5 Dex+2 Slay+4} (You found it on level 2 of the Abyss)
 28201 | D:13     | Killed Rupert
 28201 | D:13     | Reached skill level 13 in Fighting
 28315 | D:13     | Reached skill level 9 in Armour
 29138 | Orc:2    | Entered Level 2 of the Orcish Mines
 29152 | Orc:2    | Found Neulooc's Gadget Shop.
 29152 | Orc:2    | Found Nouch's Antique Weapon Boutique.
 29176 | Orc:2    | Found Ymithral's General Store.
 29263 | Orc:1    | Reached skill level 7 in Dodging
 29541 | Orc:2    | Found Paxaasic's Book Boutique.
 29568 | Orc:2    | Noticed Nergalle
 29583 | Orc:2    | Killed Nergalle
 29727 | Orc:2    | Reached XP level 17. HP: 86/137 MP: 11/27
 29896 | Orc:2    | Found a roughly hewn altar of Beogh.
 29951 | Orc:2    | Found Wenuyhir's General Store.
 29959 | Orc:2    | Found Pybon's Antique Weapon Boutique.
 29969 | Orc:2    | Found Haonati's Book Boutique.
 29996 | Orc:2    | Found Nix Jawk's Antique Armour Boutique.
 30008 | Orc:2    | Bought a pair of runed boots for 202 gold pieces
 30053 | Orc:2    | Bought a potion of might for 56 gold pieces
 30063 | Orc:2    | Found a staircase to the Elven Halls.
 30248 | Orc:2    | Found Jiosh's Antique Armour Shoppe.
 30254 | Orc:2    | Bought a pair of runed gloves for 210 gold pieces
 30361 | Orc:2    | Bought a potion of heal wounds for 65 gold pieces
 30361 | Orc:2    | Bought a potion of cancellation for 104 gold pieces
 30671 | Spider:1 | Entered Level 1 of the Spider Nest
 31966 | Spider:2 | Noticed Jorgrun
 31990 | Spider:2 | Killed Jorgrun
 31990 | Spider:2 | Reached skill level 19 in Polearms
 31990 | Spider:2 | Reached skill level 10 in Armour
 32709 | Spider:3 | Reached skill level 8 in Dodging
 32785 | Spider:3 | Noticed Agnes
 32790 | Spider:3 | Killed Agnes
 32830 | Spider:3 | HP: 67/138 [redback (4)]
 32831 | Spider:3 | Reached skill level 15 in Invocations
 32836 | Spider:3 | HP: 65/138 [wolf spider (3)]
 32841 | Spider:3 | HP: 43/138 [redback (6)]
 32847 | Spider:3 | HP: 43/138 [poisoned by Agnes]
 32854 | Spider:3 | HP: 46/138 [poisoned by Agnes]
 33711 | Spider:3 | Reached skill level 14 in Fighting
 33938 | Spider:3 | Reached XP level 18. HP: 143/146 MP: 27/29
 34772 | Shoals:1 | Entered Level 1 of the Shoals
 34899 | Shoals:1 | Found Caqingak's Assorted Antiques.
 34917 | Shoals:1 | Identified a scroll of acquirement
 35821 | Shoals:2 | Reached skill level 11 in Armour
 36235 | Shoals:2 | Reached skill level 9 in Dodging
 36540 | Shoals:3 | Noticed Aizul
 36546 | Shoals:3 | Killed Aizul
 36851 | Shoals:3 | HP: 73/147 [water nymph/the raging water (16)]
 36853 | Shoals:3 | Reached skill level 1 in Spellcasting
 37076 | Shoals:3 | Learned a level 6 spell: Statue Form
 37207 | Shoals:3 | Found a gateway to a bazaar.
 37236 | Bazaar   | Entered a bazaar
 37238 | Bazaar   | Found Xoorump's Distillery.
 37242 | Bazaar   | Found Cuxuy's General Store.
 37242 | Bazaar   | Found Ymuarr's Weapon Boutique.
 37243 | Bazaar   | Found Nag Mio's Armour Boutique.
 37278 | Bazaar   | Bought a potion of mutation for 144 gold pieces
 37278 | Bazaar   | Bought a potion of might for 72 gold pieces
 37278 | Bazaar   | Bought a potion of resistance for 180 gold pieces
 37278 | Bazaar   | Bought a potion of might for 72 gold pieces
 37289 | Bazaar   | Bought 2 potions of resistance for 180 gold pieces
 37330 | Shoals:3 | Reached skill level 1 in Transmutations
 37330 | Shoals:3 | Reached skill level 1 in Earth Magic
 37983 | Spider:4 | Entered Level 4 of the Spider Nest
 37991 | Spider:4 | Reached skill level 2 in Spellcasting
 38186 | Spider:4 | Reached skill level 2 in Earth Magic
 38332 | Spider:4 | Reached skill level 20 in Polearms
 38336 | Spider:4 | Reached skill level 2 in Transmutations
 38821 | Spider:4 | Reached XP level 19. HP: 111/153 MP: 24/30
 39063 | Spider:4 | Reached skill level 3 in Earth Magic
 39446 | Spider:4 | Reached skill level 3 in Transmutations
 39600 | Spider:4 | Reached skill level 3 in Spellcasting
 39978 | Spider:4 | Reached skill level 12 in Armour
 40396 | Spider:4 | HP: 66/154 [emperor scorpion (22)]
 40401 | Spider:4 | HP: 55/154 [spark wasp (5)]
 40409 | Spider:4 | HP: 34/154 [emperor scorpion (6)]
 40415 | Spider:4 | HP: 36/154 [emperor scorpion (1)]
 40420 | Spider:4 | HP: 30/154 [poisoned by an emperor scorpion]
 40423 | Spider:4 | Reached skill level 4 in Earth Magic
 40425 | Spider:4 | HP: 46/154 [poisoned by an emperor scorpion]
 40430 | Spider:4 | HP: 42/154 [poisoned by an emperor scorpion]
 40435 | Spider:4 | HP: 38/154 [poisoned by an emperor scorpion]
 40440 | Spider:4 | HP: 36/154 [poisoned by an emperor scorpion]
 40446 | Spider:4 | HP: 35/154 [poisoned by an emperor scorpion]
 40452 | Spider:4 | HP: 36/154 [poisoned by an emperor scorpion]
 40461 | Spider:4 | HP: 37/154 [poisoned by an emperor scorpion]
 40467 | Spider:4 | HP: 38/154 [poisoned by an emperor scorpion]
 40473 | Spider:4 | HP: 39/154 [poisoned by an emperor scorpion]
 40479 | Spider:4 | HP: 40/154 [poisoned by an emperor scorpion]
 40830 | Spider:4 | Got a gossamer rune of Zot
 41133 | Shoals:4 | Entered Level 4 of the Shoals
 41419 | Elf:1    | Entered Level 1 of the Elven Halls
 41458 | Elf:1    | Reached skill level 15 in Fighting
 41524 | Elf:1    | Found Hotya's Weapon Shoppe.
 41691 | Elf:1    | Reached skill level 4 in Transmutations
 42296 | Elf:1    | Reached skill level 10 in Dodging
 42687 | Elf:2    | Reached skill level 13 in Armour
 42742 | Elf:2    | Found a runed gate.
 42743 | Elf:2    | Found a runed gate.
 42745 | Elf:2    | Found a runed gate.
 43465 | Elf:2    | Reached XP level 20. HP: 144/163 MP: 31/31
 44412 | Shoals:4 | Found the +7 captain's cutlass {speed, disarm}
 44413 | Shoals:4 | Reached skill level 14 in Armour
 44734 | Shoals:4 | Got a ripped robe
 45224 | Shoals:4 | Noticed Ilsuiw
 45254 | Shoals:4 | Killed Ilsuiw
 45274 | Shoals:4 | HP: 77/164 [alligator snapping turtle (18)]
 45585 | Shoals:4 | Got a barnacled rune of Zot
 45721 | Shoals:4 | Reached skill level 16 in Fighting
 46314 | Elf:3    | Entered Level 3 of the Elven Halls
 46678 | Elf:3    | Reached skill level 15 in Armour
 47134 | Elf:3    | HP: 82/164 [trident of venom (7)]
 47139 | Elf:3    | HP: 65/164 [poisoned by a trident of venom]
 47141 | Elf:3    | HP: 28/164 [Executioner[a deep elf demonologist] (11)]
 47146 | Elf:3    | HP: 22/164 [poisoned by a trident of venom]
 47149 | Elf:3    | Cast into level 3 of the Abyss (a deep elf demonologist)
 47151 | Abyss:3  | HP: 41/164 [poisoned by a trident of venom]
 47156 | Abyss:3  | HP: 27/165 [poisoned by a trident of venom]
 47158 | Abyss:3  | HP: 11/165 [starcursed mass/accursed screaming (9)]
 47164 | Abyss:3  | HP: 11/165 [starcursed mass/accursed screaming (7)]
 47178 | Abyss:3  | HP: 37/165 [starcursed mass/accursed screaming (4)]
 47183 | Abyss:3  | HP: 17/165 [starcursed mass/accursed screaming (8)]
 47189 | Abyss:3  | HP: 14/165 [draconian/club (5)]
 47193 | Abyss:3  | HP: 5/247 [starcursed mass/accursed screaming (6)]
 47198 | Abyss:3  | HP: 6/247 [starcursed mass/accursed screaming (6)]
 47396 | Abyss:3  | Noticed a profane servitor
 47707 | Abyss:3  | Found a transporter.
 47708 | Abyss:3  | Found a corrupted altar of Lugonu.
 47721 | Abyss:3  | Found a corrupted altar of Lugonu.
 47721 | Abyss:3  | Found a transporter.
 47727 | Abyss:3  | Got an abyssal rune of Zot
 47735 | Abyss:3  | Reached XP level 21. HP: 171/172 MP: 29/32
 47767 | Abyss:3  | Reached skill level 21 in Polearms
 47879 | Elf:3    | Escaped the Abyss
 48088 | D:14     | Reached skill level 4 in Spellcasting
 48128 | D:14     | Found a gate to the Vaults.
 48134 | Vaults:1 | Entered Level 1 of the Vaults
 48246 | Vaults:1 | Reached skill level 5 in Earth Magic
 48528 | Vaults:1 | Noticed Donald
 48546 | Vaults:1 | Killed Donald
 49071 | Vaults:1 | Reached skill level 5 in Transmutations
 49073 | Vaults:1 | Reached skill level 16 in Armour
 49435 | Vaults:1 | Reached skill level 6 in Earth Magic
 49552 | Vaults:1 | Reached skill level 5 in Spellcasting
 49594 | Vaults:1 | Found Athiob's Distillery.
 49604 | Vaults:1 | Bought a potion of mutation for 80 gold pieces
 49604 | Vaults:1 | Bought 2 potions of magic for 160 gold pieces
 49604 | Vaults:1 | Bought a potion of heal wounds for 50 gold pieces
 49604 | Vaults:1 | Bought a potion of agility for 40 gold pieces
 49604 | Vaults:1 | Bought a potion of heal wounds for 50 gold pieces
 49604 | Vaults:1 | Bought a potion of curing for 30 gold pieces
 49604 | Vaults:1 | Bought a potion of curing for 30 gold pieces
 49604 | Vaults:1 | Bought a potion of curing for 30 gold pieces
 49820 | Vaults:1 | Found the +7 longbow "Piercer" {penet, EV-2}
 51436 | Vaults:2 | Reached skill level 6 in Transmutations
 51467 | Vaults:2 | Reached skill level 7 in Earth Magic
 51692 | Vaults:2 | Reached XP level 22. HP: 130/180 MP: 33/33
 52073 | Vaults:2 | Reached skill level 17 in Fighting
 52118 | Vaults:2 | Found a staircase to the Crypt.
 52396 | Vaults:2 | Reached skill level 17 in Armour
 52456 | Vaults:2 | Got a crystal halberd
 52457 | Vaults:2 | Identified the +7 halberd of Ascent {chop, rC+} (You found it on level 2 of the Vaults)
 52664 | Vaults:2 | HP: 77/181 [vault warden/halberd (31)]
 52665 | Vaults:2 | Reached skill level 7 in Transmutations
 52672 | Vaults:2 | HP: 68/181 [vault warden (illusionary)/halberd (12)]
 52685 | Vaults:2 | HP: 60/181 [cyan ugly thing (6)]
 52696 | Vaults:2 | HP: 27/181 [yaktaur captain/bolt (24)]
 52709 | Vaults:2 | Reached skill level 8 in Earth Magic
 52719 | Vaults:2 | HP: 62/181 [rakshasa/whip (3)]
 52748 | Vaults:2 | HP: 54/181 [purple ugly thing (3)]
 52756 | Vaults:2 | HP: 56/181 [brown ugly thing (1)]
 53812 | Vaults:3 | HP: 88/182 [harpy (6)]
 53818 | Vaults:4 | HP: 80/182 [poisoned by a vault guard]
 53824 | Vaults:4 | HP: 82/182 [poisoned by a vault guard]
 53830 | Vaults:4 | HP: 83/182 [poisoned by a vault guard]
 53836 | Vaults:4 | HP: 84/182 [poisoned by a vault guard]
 54831 | Spider:4 | Learned a level 3 spell: Spider Form
 55401 | Vaults:3 | Reached skill level 8 in Transmutations
 55461 | Vaults:3 | Found Osoly's Jewellery Shop.
 56072 | Vaults:3 | Reached skill level 18 in Armour
 56075 | Vaults:3 | Reached XP level 23. HP: 160/188 MP: 34/34
 57636 | Vaults:4 | Found Peesm's General Store.
 57645 | Vaults:4 | Bought a potion of cancellation for 152 gold pieces
 57645 | Vaults:4 | Bought a scroll of enchant armour for 142 gold pieces
 58371 | Depths:1 | Entered Level 1 of the Depths
 58488 | Depths:1 | HP: 80/190 [white very ugly thing (52)]
 58800 | Depths:1 | Reached skill level 9 in Earth Magic
 58930 | Depths:1 | Found a gateway to a ziggurat.
 59076 | Depths:1 | Found a gateway to Hell.
 59158 | Depths:1 | Reached skill level 18 in Fighting
 59545 | Depths:1 | Reached skill level 9 in Transmutations
 59676 | Depths:1 | Found a sparkling altar of Nemelex Xobeh.
 59748 | Depths:1 | Found a hide-covered altar of Uskayaw.
 59920 | Depths:1 | Found the +8 Wrath of Trog {antimagic, *Rage}
 59950 | Depths:1 | HP: 81/190 [spriggan berserker/antimagic war axe (29)]
 60409 | Depths:2 | Reached skill level 19 in Armour
 60838 | Depths:2 | Reached skill level 22 in Polearms
 61333 | Depths:2 | Reached XP level 24. HP: 187/198 MP: 34/34
 61373 | Depths:2 | Reached skill level 10 in Earth Magic
 61451 | Depths:2 | Found a one-way gate to the infinite horrors of the Abyss.
 61493 | Depths:2 | theanonym: ??tree form
 61493 | Depths:2 | beem: tree form[1/3]: Immobile form with -Tele, +50% HP, 20 + XL/2 AC, minimal EV, rN+++, rPois, torment immunity, and gives +12 base UC damage. Unlike statue form, tree form does NOT give rot or poison immunity.
 62034 | Depths:2 | HP: 92/199 [ettin/dire flail of holy wrath (17)]
 62039 | Depths:2 | HP: 85/199 [poisoned by a green very ugly thing]
 62044 | Depths:2 | HP: 80/199 [poisoned by a green very ugly thing]
 62049 | Depths:2 | HP: 75/199 [poisoned by a green very ugly thing]
 62054 | Depths:2 | HP: 71/199 [poisoned by a green very ugly thing]
 62059 | Depths:2 | HP: 69/199 [poisoned by a green very ugly thing]
 62065 | Depths:2 | HP: 68/199 [poisoned by a green very ugly thing]
 62071 | Depths:2 | HP: 67/199 [poisoned by a green very ugly thing]
 62078 | Depths:2 | HP: 67/199 [poisoned by a green very ugly thing]
 62086 | Depths:2 | HP: 69/199 [poisoned by a green very ugly thing]
 62096 | Depths:2 | HP: 71/199 [poisoned by a green very ugly thing]
 62102 | Depths:2 | HP: 73/199 [poisoned by a green very ugly thing]
 62107 | Depths:2 | HP: 74/199 [poisoned by a green very ugly thing]
 62527 | Depths:2 | Found Vilol's Distillery.
 62535 | Depths:2 | Bought a potion of resistance for 180 gold pieces
 62535 | Depths:2 | Bought a potion of curing for 54 gold pieces
 62535 | Depths:2 | Bought a potion of heal wounds for 90 gold pieces
 62535 | Depths:2 | Bought a potion of mutation for 144 gold pieces
 62818 | Depths:2 | Reached skill level 10 in Transmutations
 62829 | Depths:3 | Noticed Jory
 62850 | Depths:3 | HP: 78/258 [Jory/crystal spear (91)]
 63167 | Depths:3 | Killed Jory
 63342 | Depths:3 | Noticed a golden dragon
 63348 | Depths:3 | Killed a golden dragon
 63820 | Shoals:1 | Bought a paperback book for 420 gold pieces
 64270 | Depths:3 | Noticed DEFE's ghost (veteran DEWr)
 64298 | Depths:3 | Killed DEFE's ghost
 64409 | Depths:3 | Found a hide-covered altar of Uskayaw.
 64422 | Depths:3 | Found a radiant altar of Vehumet.
 64422 | Depths:3 | Found a one-way gate leading to the halls of Pandemonium.
 64462 | Depths:3 | Found a glowing golden altar of the Shining One.
 64495 | Depths:3 | Noticed a juggernaut
 64504 | Depths:3 | Killed a juggernaut
 64840 | Depths:3 | Reached skill level 20 in Armour
 64904 | Depths:3 | Reached skill level 6 in Spellcasting
 65341 | Depths:3 | Reached skill level 7 in Spellcasting
 65377 | Depths:3 | Reached skill level 19 in Fighting
 65599 | Depths:3 | Identified the Almanac of the Ashen Arsonist
 65604 | Depths:3 | Learned a level 2 spell: Passwall
 65630 | Depths:3 | Learned a level 3 spell: Regeneration
 65635 | Depths:3 | Learned a level 4 spell: Control Undead
 65637 | Depths:3 | Got a scorched chain mail
 65711 | Depths:3 | Reached XP level 25. HP: 207/207 MP: 34/34
 65823 | Depths:3 | Identified the Tome of Mutagenic Slavery
 65846 | Depths:3 | Reached skill level 1 in Charms
 65846 | Depths:3 | Reached skill level 1 in Necromancy
 66097 | Depths:3 | Reached skill level 2 in Necromancy
 66099 | Depths:3 | Reached skill level 2 in Charms
 66400 | Depths:3 | Reached skill level 3 in Necromancy
 66810 | Depths:4 | Reached skill level 3 in Charms
 66844 | Depths:4 | Reached skill level 8 in Spellcasting
 66844 | Depths:4 | HP: 101/208 [spriggan rider/spear (11)]
 67102 | Depths:4 | Found Vuxam's Armour Emporium.
 67247 | Depths:4 | Noticed a juggernaut
 67262 | Depths:4 | Killed a juggernaut
 67262 | Depths:4 | Reached skill level 4 in Charms
 67262 | Depths:4 | Reached skill level 4 in Necromancy
 67280 | Depths:4 | Found Tuepouqy's Book Emporium.
 67338 | Depths:4 | Reached skill level 5 in Necromancy
 67343 | Depths:4 | Reached skill level 5 in Charms
 67433 | Depths:4 | Reached skill level 9 in Spellcasting
 67472 | Depths:4 | HP: 93/208 [lich/bolt of acid (48)]
 67476 | Depths:4 | HP: 43/208 [lich/crystal spear (42)]
 67486 | Depths:4 | HP: 41/208 [deep troll (11)]
 67504 | Depths:4 | Noticed an ancient lich
 67511 | Depths:4 | Killed an ancient lich
 67511 | Depths:4 | Reached skill level 6 in Charms
 67511 | Depths:4 | Reached skill level 6 in Necromancy
 67824 | Depths:4 | Found Rofymuju's Book Boutique.
 67826 | Depths:4 | Noticed a juggernaut
 67836 | Depths:4 | Killed a juggernaut
 67861 | Depths:4 | Found Gick's Antique Armour Shoppe.
 67862 | Depths:4 | Bought a Necronomicon for 1987 gold pieces
 67893 | Depths:4 | Learned a level 8 spell: Necromutation
 67905 | Depths:4 | Bought a distressingly furry scarf for 300 gold pieces
 67915 | Depths:4 | Identified the cursed scarf of the Rose {Int+3} (You bought it in a shop on level 4 of the Depths)
 67926 | Depths:4 | Bought a pair of glowing boots for 225 gold pieces
 67973 | Depths:4 | Reached skill level 10 in Spellcasting
 68262 | Depths:4 | Noticed a caustic shrike
 68268 | Depths:4 | Killed a caustic shrike
 68268 | Depths:4 | Reached skill level 1 in Crossbows
 68339 | Depths:4 | Reached XP level 26. HP: 215/215 MP: 37/37
 68654 | Depths:5 | Entered Level 5 of the Depths
 68664 | Depths:4 | Reached skill level 2 in Crossbows
 68771 | Depths:5 | Noticed a juggernaut
 68887 | Depths:5 | Killed a juggernaut
 68887 | Depths:5 | Reached skill level 3 in Crossbows
 68887 | Depths:5 | Reached skill level 7 in Necromancy
 69091 | Depths:5 | Noticed the Enchantress
 69135 | Depths:5 | Killed the Enchantress
 69145 | Depths:5 | Reached skill level 4 in Crossbows
 69282 | Depths:5 | Got faerie dragon scales
 69425 | Depths:5 | Reached skill level 8 in Necromancy
 69513 | Depths:5 | Reached skill level 5 in Crossbows
 69852 | Depths:5 | Reached skill level 6 in Crossbows
 70137 | Depths:5 | Reached skill level 7 in Crossbows
 70964 | Crypt:1  | Entered Level 1 of the Crypt
 70964 | Crypt:1  | Noticed Mennas
 71007 | Vaults:2 | Killed Mennas
 71007 | Vaults:2 | Reached skill level 8 in Crossbows
 71278 | Crypt:1  | Reached skill level 10 in Shields
 71704 | Crypt:1  | Noticed a greater mummy
 71704 | Crypt:1  | Noticed Khufu
 71956 | Crypt:1  | Killed Khufu
 71956 | Crypt:1  | Reached skill level 11 in Shields
 71963 | Crypt:1  | Killed a greater mummy
 72373 | Crypt:2  | Reached skill level 12 in Shields
 72521 | Crypt:2  | Reached XP level 27. HP: 197/222 MP: 37/37
 72592 | Crypt:2  | Reached skill level 13 in Shields
 72940 | Crypt:2  | Reached skill level 14 in Shields
 73564 | Crypt:2  | Learned a level 5 spell: Dispel Undead
 74299 | Elf:3    | Reached skill level 15 in Shields
 74390 | Elf:3    | Reached skill level 9 in Crossbows
 74668 | Elf:3    | Identified Sif Muna's Disquisition on the Escort
 74763 | Elf:3    | Reached skill level 10 in Crossbows
 75291 | Elf:3    | Reached skill level 11 in Crossbows
 75828 | Elf:3    | Identified the Tome of Lucky Changing
 75868 | Elf:3    | Identified the Volume of Enchanting Fire
 75872 | Elf:3    | Identified Sif Muna's Grimoire of Mutagenic Earth
 76190 | Shoals:1 | Bought a scroll of amnesia for 98 gold pieces
 76197 | Shoals:1 | Learned a level 5 spell: Aura of Abjuration
 76847 | Vaults:5 | Entered Level 5 of the Vaults
 76855 | Vaults:5 | Reached skill level 12 in Crossbows
 76867 | Vaults:5 | Reached skill level 13 in Crossbows
 76893 | Vaults:5 | Noticed an ancient lich
 76895 | Vaults:5 | HP: 107/222 [sphinx/divine providence (10)]
 76902 | Vaults:5 | HP: 67/222 [ghostly sphinx/divine providence (13)]
 76905 | Vaults:5 | Gained mutation: Your body sometimes deteriorates upon taking damage. [a cacodemon]
 76907 | Vaults:5 | HP: 51/222 [shadow dragon/exploding inner flame[the player character] (6)]
 76911 | Vaults:5 | Reached skill level 14 in Crossbows
 76914 | Vaults:5 | HP: 55/222 [shadow dragon (6)]
 76919 | Vaults:5 | HP: 59/222 [shadow dragon (1)]
 76930 | Vaults:5 | HP: 57/222 [deep elf knight/short sword of protection[an ironheart preserver] (9)]
 76930 | Vaults:5 | HP: 27/222 [vault warden/slimy demon trident {freeze} (3)]
 76935 | Vaults:5 | HP: 39/222 [ancient lich/bolt of cold (9)]
 76941 | Vaults:5 | Killed an ancient lich
 76941 | Vaults:5 | HP: 56/222 [war gargoyle/spray of metal splinters (5)]
 76951 | Vaults:5 | HP: 39/222 [war gargoyle/spray of metal splinters (21)]
 76957 | Vaults:5 | HP: 49/222 [deep troll (10)]
 76972 | Vaults:5 | HP: 33/222 [titan/the air (9)]
 76973 | Vaults:5 | Killed from afar by a titan

Vanquished Creatures
  Khufu (Crypt:1)
  2 ancient liches
  Mennas (Vaults:2)
  4 juggernauts
  A greater mummy (Crypt:1)
  A caustic shrike (Depths:4)
  3 golden dragons
  Jory (Depths:3)
  the Enchantress (Depths:5)
  5 liches
  Jorgrun (Spider:2)
  Rupert (D:13)
  The ghost of DEFE the Pyromancer, a veteran DEWr of Hepliaklqana (Depths:3)
  2 tentacled monstrosities
  2 titans
  2 quicksilver dragons
  3 deep elf master archers (Elf:3)
  3 sphinxes
  2 deep elf blademasters (Elf:3)
  Donald (Vaults:1)
  Agnes (Spider:3)
  3 ancient champions (Crypt:2)
  Kirke (D:13)
  2 storm dragons
  3 shadow dragons (Vaults:5)
  7 tengu reavers
  Ilsuiw (Shoals:4)
  3 revenants
  9 fire giants
  6 deep elf sorcerers
  9 frost giants
  A ghost moth (shapeshifter) (Depths:5)
  12 vault wardens
  4 ghost moths
  Aizul (Shoals:3)
  3 iron dragons
  2 orc warlords
  4 emperor scorpions
  A draconian knight (Abyss:3)
  A curse skull (Crypt:2)
  A balrug (Depths:1)
  A draconian scorcher (Depths:5)
  7 spriggan defenders
  4 deep elf elementalists
  18 stone giants
  5 ghouls
  An angel (Abyss:3)
  3 entropy weavers
  A draconian annihilator (Depths:5)
  22 very ugly things
  7 ironheart preservers
  5 vampire knights
  2 war gargoyles
  7 deep elf annihilators (Elf:3)
  A caustic shrike skeleton (Depths:2)
  2 purple draconians (Depths:5)
  5 deep elf demonologists
  2 yellow draconians (Depths:5)
  Nessos (D:14)
  A black draconian (Depths:5)
  2 red draconians (Depths:5)
  A white draconian (Depths:5)
  A merfolk javelineer (Shoals:4)
  14 ettins
  10 spark wasps
  5 eidola
  11 deep elf death magi
  A minotaur (shapeshifter) (Depths:4)
  6 jiangshi
  4 deep elf high priests
  A minotaur (Lab)
  16 yaktaur captains
  7 ogre magi
  6 rakshasas
  8 fire dragons
  2 merfolk impalers
  9 great orbs of eyes
  31 vault guards
  11 ice dragons
  A quicksilver dragon skeleton (Crypt:1)
  7 spriggan air magi
  8 hydras
  6 merfolk avatars
  5 alligator snapping turtles (Shoals:4)
  6 death knights
  2 satyrs
  16 centaur warriors
  22 two-headed ogres
  9 merfolk aquamancers
  3 tengu warriors
  9 vampire magi
  A queen ant (Lair:3)
  8 deep troll shamans
  4 deep troll earth magi
  12 spriggan berserkers
  29 dancing weapons
  A shock serpent (shapeshifter) (Vaults:5)
  An orc high priest (Orc:2)
  4 thrashing horrors
  Sonja (D:10)
  18 deep elf knights
  Nergalle (Orc:2)
  2 sun demons (Depths:1)
  2 wretched stars (Abyss:3)
  A titan skeleton (Crypt:1)
  28 skeletal warriors
  3 spriggan druids (Depths:2)
  5 hell knights
  21 slime creatures
  4 spatial maelstroms
  A sixfirhy (Abyss:3)
  3 shadow wraiths
  6 flayed ghosts
  9 iron trolls
  23 deep trolls
  9 sea snakes
  An anaconda zombie (Crypt:2)
  4 glowing orange brains
  4 wizards
  20 ironbrand convokers
  5 unseen horrors
  10 deep elf archers
  A sphinx zombie (Depths:2)
  75 deep elf magi
  A wolf spider zombie (Crypt:2)
  10 phantasmal warriors
  17 orb spiders
  16 harpies
  4 oklob plants (Lair:1)
  4 necromancers
  A mana viper (shapeshifter) (Depths:2)
  An orb spider (shapeshifter) (Vaults:2)
  12 orc knights
  35 wolf spiders
  14 manticores
  5 orc sorcerers
  41 ugly things
  2 draconians (Abyss:3)
  An anaconda skeleton (Crypt:2)
  14 fauns
  A salamander (shapeshifter) (Depths:3)
  4 cyclopes
  A frost giant zombie (Vaults:3)
  A worldbinder (Abyss:2)
  A moth of wrath (shapeshifter) (Depths:2)
  A shadow dragon skeleton (Crypt:2)
  13 vault sentinels
  12 black mambas
  Joseph (D:7)
  A fire giant skeleton (Crypt:2)
  15 merfolk sirens
  6 water nymphs
  A tengu skeleton (Vaults:3)
  A guardian serpent (Lair:6)
  2 eyes of devastation (shapeshifter)
  4 ice statues
  2 moths of wrath
  A black mamba (shapeshifter) (Vaults:1)
  20 spiny frogs
  An apocalypse crab (Abyss:3)
  An orange demon (Abyss:3)
  A smoke demon (Abyss:3)
  2 gargoyles
  A shock serpent skeleton (Crypt:1)
  A sea snake zombie (Crypt:1)
  2 rime drakes
  A swamp worm zombie (Crypt:1)
  A kobold demonologist (D:14)
  2 efreet (D:13)
  15 demonic crawlers
  2 ancient zymes
  A rime drake (shapeshifter) (Elf:3)
  7 komodo dragons
  A tormentor (Abyss:3)
  10 freezing wraiths
  31 yaktaurs
  A tengu conjurer (Depths:3)
  A death yak skeleton (Crypt:1)
  37 jumping spiders
  16 hornets
  The ghost of tof the Slasher, an amateur MiBe of Trog (D:4)
  2 ice devils (D:14)
  A minotaur zombie (Crypt:1)
  24 merfolk
  5 polar bears
  8 trolls
  A jumping spider (shapeshifter) (Abyss:2)
  A hornet (shapeshifter) (Vaults:3)
  A troll (shapeshifter) (Depths:4)
  5 wind drakes
  A hydra skeleton (Crypt:1)
  Prince Ribbit (D:8)
  4 tyrant leeches (Spider:3)
  A polar bear (shapeshifter) (Elf:1)
  A slime creature (shapeshifter) (Depths:3)
  3 bog bodies (Crypt:2)
  A wind drake (shapeshifter) (Depths:3)
  12 hippogriffs
  A raiju (shapeshifter) (Depths:4)
  2 tengu simulacra
  A frost giant simulacrum (Vaults:1)
  A hippogriff (shapeshifter) (Elf:1)
  13 blink frogs
  A stone giant simulacrum (Vaults:3)
  9 dream sheep
  11 snapping turtles
  6 raiju (Abyss:2)
  2 human simulacra
  2 flying skulls (Abyss:2)
  2 spriggans (shapeshifter)
  8 air elementals
  12 starcursed masses
  24 tarantellas
  An ettin skeleton (Vaults:3)
  81 redbacks
  25 spriggans
  A basilisk (Lair:2)
  50 yaks
  A shadow (D:12)
  3 ynoxinuls
  5 wraiths
  An elf zombie (Depths:2)
  17 water elementals
  14 wyverns
  A human (shapeshifter) (D:15)
  7 small abominations
  7 fire elementals
  A black mamba skeleton (Crypt:1)
  A golden eye (shapeshifter) (Vaults:3)
  5 large abominations
  Grum (D:11)
  9 vampire mosquitoes
  4 chaos spawn
  A warg (shapeshifter) (Elf:2)
  8 spatial vortices
  2 acid dragons
  5 wargs
  An acid dragon (shapeshifter) (Vaults:1)
  15 soldier ants
  14 water moccasins
  A floating eye (shapeshifter) (D:14)
  Duvessa (D:5)
  A floating eye (Depths:5)
  A water moccasin (shapeshifter) (D:13)
  A spiny frog skeleton (Crypt:2)
  2 hornet zombies
  18 porcupines
  4 sky beasts
  A black bear (D:11)
  18 ice beasts
  36 orc warriors
  A monstrous demonspawn skeleton (Crypt:1)
  2 ettin simulacra
  An ice dragon simulacrum (Crypt:2)
  3 necrophages
  17 wolves
  An elephant skeleton (Crypt:2)
  8 phantoms
  A wolf (shapeshifter) (Vaults:3)
  21 ogres
  A snapping turtle skeleton (Crypt:1)
  A hog zombie (Crypt:1)
  26 centaurs
  11 crocodiles
  2 elf simulacra
  5 big kobolds
  A yaktaur zombie (Crypt:2)
  14 bullfrogs
  8 earth elementals
  A wyvern zombie (D:9)
  Dowan (D:5)
  6 scorpions
  2 wyvern skeletons
  11 killer bees
  A snapping turtle simulacrum (Crypt:2)
  An electric eel (D:11)
  21 wights
  3 howler monkeys (D:9)
  4 crimson imps
  7 hounds
  8 jellies
  4 quasits
  5 centaur zombies
  18 orc priests
  28 orc wizards
  Crazy Yiuf (D:5)
  3 bullfrog skeletons
  An iron imp (Abyss:2)
  3 centaur skeletons
  4 iguanas
  6 hell rats (Lair:6)
  Terence (D:2)
  38 worker ants
  A big kobold zombie (Ossuary)
  A big kobold skeleton (Crypt:2)
  3 hound zombies
  2 hound skeletons
  10 mummies
  13 adders
  A swamp drake zombie (Crypt:2)
  3 shadow imps
  4 white imps (Lair:5)
  2 ufetubi
  4 oozes
  An adder skeleton (Crypt:1)
  3 worms
  6 leopard geckos
  84 orcs
  8 bats
  6 giant cockroaches
  2 gnoll zombies (Ossuary)
  7 goblins
  5 hobgoblins
  3 jackals
  26 kobolds
  3 quokkas
  4 frilled lizards
  A goblin zombie (Crypt:2)
  3 hobgoblin zombies (Ossuary)
  A kobold zombie (Crypt:2)
  2 orc zombies (Ossuary)
  A quokka skeleton (Crypt:2)
  A quokka zombie (D:5)
  7 rats
  2 crawling corpses (Elf:3)
  A fungus (Lair:6)
  2 lurking horrors (Abyss:3)
  2 plants
2226 creatures vanquished.

Vanquished Creatures (collateral kills)
  A draconian (Abyss:3)
  2 starcursed masses (Abyss:3)
3 creatures vanquished.

Vanquished Creatures (others)
  A deep elf master archer (Elf:3)
  3 stone giants
  A deep elf annihilator (Vaults:5)
  3 yaktaur captains
  2 centaur warriors (Depths:3)
  A two-headed ogre (Vaults:5)
  A deep elf knight (Vaults:3)
  A sea snake (Shoals:1)
  A wizard (D:14)
  A deep elf mage (Elf:1)
  A deep elf archer (Elf:3)
  An orb spider (Spider:4)
  A necromancer (Vaults:3)
  A wolf spider (Spider:3)
  5 yaktaurs
  A jumping spider (Spider:3)
  A yak (D:10)
  2 humans (D:13)
  3 centaurs
  An orc wizard (Orc:2)
  An acid dragon zombie (Crypt:1)
  A quokka (D:4)
  A bush (Lair:6)
  36 fungi
  A lurking horror (Abyss:2)
  265 plants
337 creatures vanquished.

Grand Total: 2566 creatures vanquished
